 Dungeon Crawl Stone Soup version 0.17.1-1-g73c8601 (webtiles) character file.

833 Implojin the Grappler (level 7, -3/68 HPs)
             Began as a Troll Monk on Apr 6, 2016.
             Slain by a decayed bog body (7 damage)
             ... in an ossuary.
             The game lasted 00:07:08 (944 turns).

Implojin the Grappler (Troll Monk)                   Turns: 944, Time: 00:07:08

Health: -3/68      AC:  8    Str: 20    XL:     7   Next: 65%
Magic:  6/6        EV: 10    Int:  6    God:
Gold:   68         SH:  0    Dex: 14    Spells: 0 memorised, 6 levels left

rFire  . . .     SeeInvis .       - Unarmed
rCold  . . .     Clarity  .     a - +0 robe
rNeg   . . .     SustAt   .     (no shield)
rPois  .         Gourm    +     (helmet restricted)
rElec  .         Spirit   .     j - +2 cloak
rCorr  .         Warding  .     (gloves unavailable)
rMut   .         Stasis   .     (boots unavailable)
MR     .....                    (no amulet)
Stlth  ++........               (no ring)
                                (no ring)

@: not resistant to hostile enchantments, unstealthy
A: unfitting armour, claws 3, fast metabolism 3, gourmand, regeneration 2,
shaggy fur 1, tough skin 2
a: no special abilities


You were in an ossuary.
You were very full.

You visited 1 branch of the dungeon, and saw 7 of its levels.
You also visited: Ossuary.

You collected 68 gold pieces.

Inventory:

Missiles
 n - 6 tomahawks (quivered)
Armour
 a - a +0 robe (worn)
 j - a +2 cloak (worn)
Wands
 q - a wand of slowing (9)
Scrolls
 c - a scroll of teleportation
 g - a scroll of fog {unknown}
 i - a scroll of random uselessness {unknown}
Potions
 e - a potion of magic
 l - a potion of heal wounds {unknown}
 m - a potion of experience {unknown}
 p - a potion of poison {unknown}
 r - a potion of curing
Books
 k - a book of Summonings

   Spells                             Type                      Level
   a - Recall                         Summoning/Translocation      3
   b - Aura of Abjuration             Summoning                    5
   c - Shadow Creatures               Summoning                    5
   d - Summon Demon                   Summoning                    5
   e - Summon Forest                  Summoning/Translocation      5
   f - Summon Mana Viper              Hexes/Summoning              5
Comestibles
 b - 5 bread rations
 d - a slice of pizza
 f - a beef jerky
 h - 2 fruits
 o - a meat ration


   Skills:
 * Level 3.6 Fighting
 - Level 2.4 Dodging
 - Level 1.1 Stealth
 - Level 9.0 Unarmed Combat


You had 6 spell levels left.
You didn't know any spells.

Dungeon Overview and Level Annotations

Branches:
Dungeon (7/15)
 Temple: D:4-7

Altars:
Fedhas
Kikubaaqudgha
Ru


Innate Abilities, Weirdness & Mutations

You are too large for most types of armour.
You have claws for hands.
Your metabolism is lightning-fast.
You like to eat raw meat.
You heal very quickly.
You are covered in fur (AC +1).
You have very tough skin (AC +2).


Message History

You completely miss the water moccasin zombie.
The water moccasin zombie closely misses you.
You closely miss the water moccasin zombie.
The water moccasin zombie closely misses you.
You scratch the water moccasin zombie but do no damage.
The water moccasin zombie barely misses you.
You scratch the water moccasin zombie. The water moccasin zombie bites you.
* * * LOW HITPOINT WARNING * * *
You mangle the water moccasin zombie!!
The water moccasin zombie bites you but does no damage.
You completely miss the water moccasin zombie.
The water moccasin zombie bites you.
* * * LOW HITPOINT WARNING * * *
You barely miss the water moccasin zombie.
The water moccasin zombie bites you.
* * * LOW HITPOINT WARNING * * *
You claw the water moccasin zombie!
You destroy the water moccasin zombie!
You see here a bog body corpse.
A quokka zombie comes into view.
An adder zombie comes into view.
The decayed bog body points at you and mumbles some strange words.
The puff of frost hits you!
* * * LOW HITPOINT WARNING * * *
The decayed bog body points at you and mumbles some strange words.
The puff of frost hits you!
* * * LOW HITPOINT WARNING * * *
You see here a bog body corpse.
There is an open door, spattered with blood here.
You close the door.
You start resting.
Something unseen opens the door.
You claw the decayed bog body!
The decayed bog body is almost destroyed.
The decayed bog body hits you!
* * * LOW HITPOINT WARNING * * *
The decayed bog body touches you.
* * * LOW HITPOINT WARNING * * *
The decayed bog body freezes you!
You die...

#≈## #≈.P ##≈≈##
# .≈.. ≈#
#####ZZ## ≈≈#
#∩..#≈.P#≈≈#
###.∩.#≈≈#≈≈≈#
#.#..@#.n.#
.##'##'##n##.###
...........†.'.#
'#+#'#'#'#'#'###
#.#.#.#.#
#########


You could see a decayed bog body.

Vanquished Creatures
  A phantom (D:4)
  A water moccasin zombie (Ossuary)
  3 killer bees (D:5)
  A bog body (Ossuary)
  A centaur zombie (Ossuary)
  2 giant frog zombies (Ossuary)
  A wasp zombie (Ossuary)
  An orc priest (D:3)
  An orc wizard (D:6)
  Crazy Yiuf (D:4)
  A hound (D:4)
  A killer bee zombie (Ossuary)
  4 worker ants
  5 mummies (Ossuary)
  4 adders
  An ooze (D:2)
  2 giant geckos (D:2)
  10 orcs
  2 giant cockroaches
  3 hobgoblins
  5 jackals (D:2)
  3 kobolds
  3 bats
  A quokka zombie (Ossuary)
  A rat (D:1)
59 creatures vanquished.

Vanquished Creatures (others)
  2 plants (Ossuary)
2 creatures vanquished.

Grand Total: 61 creatures vanquished

Notes
Turn   | Place    | Note
--------------------------------------------------------------
     0 | D:1      | Implojin the Troll Monk began the quest for the Orb.
     0 | D:1      | Reached XP level 1. HP: 22/22 MP: 0/0
    51 | D:2      | Found a faded altar to an unknown god.
    67 | D:2      | Reached XP level 2. HP: 27/29 MP: 1/1
   105 | D:2      | Found a blossoming altar of Fedhas.
   114 | D:2      | Reached skill level 5 in Unarmed Combat
   122 | D:2      | Reached XP level 3. HP: 34/36 MP: 2/2
   178 | D:3      | Reached XP level 4. HP: 20/44 MP: 3/3
   230 | D:4      | Noticed a phantom
   310 | D:4      | Reached skill level 6 in Unarmed Combat
   316 | D:4      | Killed a phantom
   316 | D:4      | Reached skill level 7 in Unarmed Combat
   316 | D:4      | Reached XP level 5. HP: 9/50 MP: 4/4
   359 | D:4      | Noticed Crazy Yiuf
   383 | D:4      | Killed Crazy Yiuf
   469 | D:5      | Entered Level 5 of the Dungeon
   506 | D:5      | Reached XP level 6. HP: 54/59 MP: 5/5
   632 | D:5      | Found an ancient bone altar of Kikubaaqudgha.
   641 | D:5      | Found a sacrificial altar of Ru.
   684 | D:5      | Reached skill level 8 in Unarmed Combat
   760 | D:6      | Found a sand-covered staircase.
   811 | D:7      | Reached XP level 7. HP: 66/66 MP: 6/6
   846 | Ossuary  | Entered an ossuary
   889 | Ossuary  | Reached skill level 9 in Unarmed Combat
   915 | Ossuary  | Reached skill level 3 in Fighting
   944 | Ossuary  | Slain by a decayed bog body

Action                   |  1- 3 |  4- 6 |  7- 9 || total
-------------------------+-------+-------+-------++-------
Melee: Unarmed           |    44 |    79 |    67 ||   190
  Use: Potion            |       |     3 |       ||     3
       Scroll            |       |     1 |       ||     1
 Stab: Invisible         |       |     1 |       ||     1
       Distracted        |       |       |     1 ||     1
  Eat: Chunk             |     7 |     5 |       ||    12

Table legend:
 A = Turns spent in this place as a percentage of turns spent in the entire game.
 B = Non-inter-level travel turns spent in this place as a percentage of non-inter-level travel turns spent in the entire game.
 C = Inter-level travel turns spent in this place as a percentage of turns spent in this place.
 D = Turns resting spent in this place as a percentage of non-inter-level travel turns spent in this place.
 E = Turns spent auto-exploring this place as a percentage of non-inter-level travel turns spent in this place.
 F = Non-inter-level travel turns spent in this place divided by the number of levels of this place that you've seen.
                   A       B       C       D       E      F
               +-------+-------+-------+-------+-------+----------------------
         Total | 100.0 | 100.0 |   0.0 |   0.6 |   0.0 | 111.6
       Dungeon |  89.1 |  89.1 |   0.0 |   0.4 |   0.0 | 113.7
       Ossuary |  10.9 |  10.9 |   0.0 |   2.1 |   0.0 |  97.0
               +-------+-------+-------+-------+-------+----------------------

Table legend:
 A = Kills in this place as a percentage of kills in entire the game.
 B = Kills by you in this place as a percentage of kills by you in the entire game.
 C = Kills by friends in this place as a percentage of kills by friends in the entire game.
 D = Other kills in this place as a percentage of other kills in the entire game.
 E = Experience gained in this place as a percentage of experience gained in the entire game.
 F = Experience gained in this place divided by the number of levels of this place that you have seen.
                   A       B       C       D       E      F
               +-------+-------+-------+-------+-------+----------------------
         Total | 100.0 | 100.0 |  -nan |  -nan | 100.0 | 148.8
       Dungeon |  78.0 |  78.0 |  -nan |  -nan |  63.7 | 108.3
       Ossuary |  22.0 |  22.0 |  -nan |  -nan |  36.3 | 432.0
               +-------+-------+-------+-------+-------+----------------------
